 Dungeon Crawl Stone Soup version 0.19-a0-1456-gc747e27 (webtiles) character file.

246 RonnieColeman the Conjurer (level 6, 0/36 HPs)
             Began as an Octopode Conjurer on Sept 6, 2016.
             Slain by an orc
             ... wielding a +0 short sword
              (4 damage)
             ... on level 3 of the Dungeon.
             The game lasted 00:04:47 (2244 turns).

RonnieColeman the Conjurer (Octopode Conjurer)      Turns: 2244, Time: 00:04:48

Health: 0/36       AC:  1    Str:  7    XL:     6   Next: 11%
Magic:  2/12       EV: 13    Int: 20    God:
Gold:   138        SH:  0    Dex: 12    Spells: 3 memorised, 4 levels left

rFire  . . .     SeeInvis .     u - +0 dagger (venom)
rCold  . . .     Gourm    .     (no shield)
rNeg   . . .     Faith    .     (helmet restricted)
rPois  .         Spirit   .     (no amulet)
rElec  .         Dismiss  .     (no ring)
rCorr  .         Reflect  .     (no ring)
MR     .....     Harm     .     (no ring)
Stlth  +++.......               (no ring)
                                (no ring)
                                (no ring)
                                (no ring)
                                (no ring)

@: very slightly contaminated
A: almost no armour, stealthy swim, amphibious, 8 rings, constrict 8, camouflage
1, gelatinous body 1
a: no special abilities


You were on level 3 of the Dungeon.
You were hungry.

You visited 1 branch of the dungeon, and saw 3 of its levels.

You collected 138 gold pieces.

Inventory:

Hand Weapons
 u - a +0 dagger of venom (weapon)
Scrolls
 d - a scroll of amnesia {unknown}
 h - 4 scrolls of identify {unknown}
 o - a scroll of noise {unknown}
Potions
 c - a potion of berserk rage {unknown}
 e - a potion of brilliance {unknown}
 l - a potion of cancellation {unknown}
 m - 2 potions of magic {unknown}
 n - 2 potions of might {unknown}
 p - a potion of lignification {unknown}
 s - a potion of degeneration {unknown}
Books
 a - a book of Conjurations

   Spells                             Type                      Level
   a - Magic Dart                     Conjuration                  1
   b - Searing Ray                    Conjuration                  2
   c - Dazzling Spray                 Conjuration/Hexes            3
   d - Fulminant Prism                Conjuration/Hexes            4
   e - Iskenderun's Mystic Blast      Conjuration                  4
   f - Iskenderun's Battlesphere      Conjuration/Charms           5
Comestibles
 b - 3 bread rations
 f - a slice of pizza
 j - a meat ration
 k - a royal jelly
 q - a beef jerky
 t - 3 chunks of flesh


   Skills:
 - Level 2.0 Dodging
 - Level 2.6 Stealth
 * Level 4.5 Spellcasting
 + Level 5.5 Conjurations


You had 4 spell levels left.
You knew the following spells:

 Your Spells              Type           Power        Failure   Level  Hunger
a - Magic Dart            Conj           ####         1%          1    None
b - Iskenderun's Battles  Conj/Chrm      ###.....     95%         5    ######.
c - Iskenderun's Mystic   Conj           ####....     14%         4    ####...


Dungeon Overview and Level Annotations

Branches:
Dungeon (3/15)

Altars:
Ashenzari
Dithmenos
Hepliaklqana
Nemelex Xobeh
Xom


Innate Abilities, Weirdness & Mutations

You cannot wear most types of armour.
You are very stealthy in the water.
You are amphibious.
You can wear up to eight rings at the same time.
You can use your tentacles to constrict eight enemies at once.
Your skin changes colour to match your surroundings (Stealth+).
Your rubbery body absorbs attacks. (AC +1, EV +1)


Message History

You closely miss the jackal. You grab the jackal. You constrict the jackal.
The jackal barely misses you.
You hit the jackal.
The jackal is poisoned.
The jackal is severely wounded.
You constrict the jackal, but do no damage.
The jackal bites you.
* * * LOW HITPOINT WARNING * * *
The jackal barely misses you.
You hit the jackal but do no damage.
The jackal looks even sicker.
The jackal is almost dead.
You constrict the jackal, but do no damage.
The jackal bites you.
* * * LOW HITPOINT WARNING * * *
You barely miss the jackal.
The jackal is almost dead.
You constrict the jackal.
You kill the jackal!
You hit the orc but do no damage.
The orc is poisoned.
Your grab misses the orc. The orc hits you with a short sword.
You die...

#......# #####.#....
##.##.h. ..##
########.#.##.##....
####....##.#####.##..#
#.......#.## #.....#
#.##......# ###...#
#.######÷##.##[#.##### #...#
............#@o......# #o..#
########.##.#..#.###.# #...#
######).)[.)....##.# #...#
#......##.......##†####.o.##
#......####..##..†..[.).....
#......# #..........S......
#...<).# #.####......§§§...
#......# ... #######.§§§##
..........# #.# ##§§§#


You could see an orc.

Vanquished Creatures
  A scorpion (D:3)
  2 orc wizards (D:3)
  Terence (D:2)
  4 adders
  An ooze (D:3)
  2 worms (D:2)
  3 giant geckos (D:2)
  7 orcs
  3 ball pythons
  A giant cockroach (D:1)
  7 hobgoblins
  4 jackals (D:3)
  6 bats
  2 giant newts (D:1)
  4 goblins
  7 kobolds
  11 rats
66 creatures vanquished.

Notes
Turn   | Place    | Note
-------+----------+-------------------------------------------
     0 | D:1      | RonnieColeman the Octopode Conjurer began the quest for the Orb.
     0 | D:1      | Reached XP level 1. HP: 11/11 MP: 3/3
   332 | D:1      | Reached XP level 2. HP: 12/17 MP: 5/5
   405 | D:1      | Found a shattered altar of Ashenzari.
   754 | D:2      | Reached XP level 3. HP: 8/21 MP: 0/7
  1306 | D:2      | Found a hazy altar of Hepliaklqana.
  1405 | D:2      | Found a sparkling altar of Nemelex Xobeh.
  1405 | D:2      | Found a shimmering altar of Xom.
  1429 | D:2      | Reached XP level 4. HP: 23/27 MP: 1/8
  1513 | D:2      | Noticed Terence
  1526 | D:2      | Killed Terence
  1814 | D:2      | Reached skill level 5 in Conjurations
  1952 | D:3      | Reached XP level 5. HP: 31/31 MP: 4/10
  2095 | D:3      | Found a shadowy altar of Dithmenos.
  2105 | D:3      | Reached XP level 6. HP: 28/36 MP: 12/12
  2117 | D:3      | Learned a level 5 spell: Iskenderun's Battlesphere
  2122 | D:3      | Learned a level 4 spell: Iskenderun's Mystic Blast
  2244 | D:3      | Slain by an orc

Vault maps used:
D:1:      minmay_arrival_open_corners, minivault_26, minivault_23,
          ashenzari_altar_1
D:2:      grunt_temple_overflow_open, marbit_many_paths, uniq_terence
D:3:      grunt_dithmenos_smoke, first_bread, amethyst_killhole,
          grunt_qazlal_clouds

Skill      XL: |  1  2  3  4  5 |
---------------+----------------+-----
Spellcasting   | 3 4 |  4.5
Conjurations   | 5 |  5.5
Dodging        | |  2.0
Stealth        | |  2.6

Action                   |  1- 3 |  4- 6 || total
-------------------------+-------+-------++-------
Melee: Unarmed           |    26 |       ||    26
       Constrict         |    22 |    13 ||    35
       Tentacles         |    10 |     9 ||    19
       Club              |    13 |       ||    13
       Short sword       |    40 |    13 ||    53
       Dagger            |       |    28 ||    28
 Cast: Magic Dart        |    17 |    28 ||    45
       Iskenderun's Myst |       |     1 ||     1
 Stab: Sleeping          |     9 |     2 ||    11
  Eat: Chunk             |     2 |     2 ||     4
Armor: Skin              |     9 |     3 ||    12
Dodge: Dodged            |    50 |    27 ||    77
